 Dungeon Crawl Stone Soup version 0.26-a0-830-g2a559e7be2 (webtiles) character file.

Game seed: 6877195788786100840

205 Morbidden the Grave Robber (level 5, 0/36 HPs)
             Began as a Demonspawn Necromancer on Nov 15, 2020.
             Slain by a gnoll
             ... wielding a +1 vorpal spear
              (2 damage)
             ... on level 4 of the Dungeon.
             The game lasted 00:03:19 (3281 turns).

Morbidden the Grave Robber (Demonspawn Necromancer) Turns: 3281, Time: 00:03:20

Health: 0/36       AC:  5    Str:  8    XL:     5   Next: 52%
Magic:  1/10       EV: 12    Int: 17    God:
Gold:   113        SH:  0    Dex: 14    Spells: 6/10 levels left

rFire    . . .     SeeInvis .   n - +0 dagger (venom)
rCold    . . .     Faith    .   (no shield)
rNeg     . . .     Spirit   .   p - +0 leather armour
rPois    .         Reflect  .   f - +0 helmet
rElec    .         Harm     .   (no cloak)
rCorr    .         Rampage  .   o - +0 pair of gloves
MR       .....                  (no boots)
Stlth    ++........             b - amulet of regeneration
HPRegen  0.52/turn              (no ring)
MPRegen  0.12/turn              (no ring)

@: no status effects
A: talons 1, spiny 1
a: no special abilities


You were on level 4 of the Dungeon.
You visited 1 branch of the dungeon, and saw 4 of its levels.

You collected 113 gold pieces.

Inventory:

Hand Weapons
 a - a +2 dagger of electrocution
 n - a +0 dagger of venom (weapon)
Armour
 f - a +0 helmet (worn)
 o - a +0 pair of gloves (worn)
 p - a +0 leather armour (worn)
Jewellery
 b - an amulet of regeneration (around neck)
 l - an uncursed amulet of magic regeneration
Scrolls
 c - a scroll of immolation {unknown}
 e - a scroll of teleportation {unknown}
 h - a scroll of identify {unknown}
 m - a scroll of enchant armour {unknown}
Potions
 d - a potion of haste {unknown}
 g - 2 potions of lignification {unknown}
 i - a potion of brilliance {unknown}
 j - a potion of curing {unknown}
 k - 3 potions of mutation {unknown}


   Skills:
 * Level 0.9 Fighting
 * Level 2.4 Dodging
 + Level 1.8 Stealth
 * Level 3.4 Spellcasting
 * Level 6.1 Necromancy


You had 6 spell levels left.
You knew the following spells:

 Your Spells              Type           Power        Failure   Level
a - Pain                  Necr           ###.         1%          1
b - Vampiric Draining     Necr           ###.......   6%          3

Your spell library contained the following spells:

 Spells                   Type           Power        Failure   Level
 Animate Skeleton         Necr           ###...       1%          1
 Animate Dead             Necr           ###.......   19%         4
 Agony                    Necr           ###.....     47%         5


Dungeon Overview and Level Annotations

Branches:
Dungeon (4/15)
 Temple: D:4-7

Altars:
Fedhas
Nemelex Xobeh


Innate Abilities, Weirdness & Mutations

You have sharp toenails.
You are partially covered in sharp spines.


Message History

The orc barely misses you.
Unknown command.
Casting: Vampiric Draining (dangerous; 6% risk of failure)
Confirm with . or Enter, or press ? or * to list all spells.
Aiming: Vampiric Draining (dangerous; 6% risk of failure)
Press: ? - help, Shift-Dir - straight line, f/p - orc priest
Aim: an orc priest, wearing a +0 leather armour (severely wounded)
You kill the orc priest!
You feel life coursing into your body. The gnoll closely misses you.
The orc is struck by your spines. The orc barely misses you.
Unknown command.
Casting: Vampiric Draining (dangerous; 6% risk of failure)
Confirm with . or Enter, or press ? or * to list all spells.
Aiming: Vampiric Draining (dangerous; 6% risk of failure)
Press: ? - help, Shift-Dir - straight line, f - orc
Aim: an orc, wielding a +0 hand axe (almost dead)
You kill the orc!
The gnoll hits you from afar with a +1 vorpal spear!
* * * LOW HITPOINT WARNING * * *
You die...

#.##......##.#.###
#.##.##.####.#.#
#.##.##...(....#
###.......########
....##.##.## ##
#..#.#...# ##.##
#....#.#
.#....###.#....>...
.......#@###.......
.#...#o)## ######.
.....ggo# ###..?#g#
#.#.... # ..#.#.
.....#.# ##. #.# #
#. #.#


You could see 3 gnolls and 2 orcs.

Vanquished Creatures
  An orc priest (D:4)
  2 orc wizards (D:4)
  Robin (D:3)
  4 gnolls (D:3)
  An ooze (D:1)
  A worm (D:3)
  A dart slug (D:1)
  2 leopard geckos
  7 orcs
  5 bats
  A giant cockroach (D:3)
  14 goblins
  5 hobgoblins
  5 jackals
  2 kobolds (D:1)
  A ball python (D:3)
  2 frilled lizards
  A quokka skeleton (D:4)
  A rat (D:1)
57 creatures vanquished.

Notes
Turn   | Place    | Note
-------+----------+-------------------------------------------
     0 | D:1      | Morbidden the Demonspawn Necromancer began the quest for
                  | the Orb.
     0 | D:1      | Reached XP level 1. HP: 13/13 MP: 3/3
   358 | D:1      | Gained mutation: You are partially covered in sharp spines.
                  | [demonic ancestry]
   358 | D:1      | Reached XP level 2. HP: 18/19 MP: 3/5
  1344 | D:2      | Reached XP level 3. HP: 22/24 MP: 4/6
  1375 | D:2      | Reached skill level 5 in Necromancy
  1479 | D:2      | You fall into a shaft and drop 1 floor!
  1779 | D:3      | HP: 1/24 [worm (12)]
  1939 | D:3      | Learned a level 3 spell: Vampiric Draining
  2133 | D:3      | Gained mutation: You have sharp toenails. [demonic
                  | ancestry]
  2133 | D:3      | Reached XP level 4. HP: 29/30 MP: 5/8
  2224 | D:3      | Found a blossoming altar of Fedhas.
  2426 | D:3      | Found a sparkling altar of Nemelex Xobeh.
  2537 | D:3      | Noticed Robin
  2625 | D:3      | Killed Robin
  3131 | D:4      | Reached XP level 5. HP: 29/36 MP: 3/9
  3149 | D:4      | Reached skill level 6 in Necromancy
  3281 | D:4      | Slain by a gnoll

Illustrated notes

Levels and vault maps discovered:
D:1:      onia_arrival_mini_spirals, layout_basic, hangedman_decor_push
D:2:      layout_loops_ring, good_gods_mini_temple
D:3:      layout_basic, lemuel_round_altar, lemuel_round_altar,
          roderic_roman_lattice, uniq_robin
D:4:      layout_loops_cross, led_sif_book, uniq_edmund

Skill      XL: |  1  2  3  4  5 |
---------------+----------------+-----
Dodging        | 2 |  2.4
Necromancy     | 5 6 |  6.1
Spellcasting   | 3 |  3.4
Fighting       | |  0.9
Stealth        | |  1.8

Action                   |  1- 3 |  4- 6 || total
-------------------------+-------+-------++-------
Melee: Unarmed           |    16 |     5 ||    21
       Kick              |       |     1 ||     1
       Dagger            |       |     4 ||     4
 Cast: Pain              |    63 |    37 ||   100
       Vampiric Draining |       |     4 ||     4
 Stab: Sleeping          |       |     1 ||     1
Armor: Robe              |     4 |     7 ||    11
       Leather armour    |       |     1 ||     1
Dodge: Dodged            |    22 |    17 ||    39

Table legend: (Time is in decaauts)
 A = Elapsed time spent in this place.
 B = Non-inter-level travel time spent in this place.
 C = Inter-level travel time spent in this place.
 D = Time resting spent in this place.
 E = Time spent auto-exploring this place.
 F = Levels seen in this place.
 G = Mean time per level.
                   A        B        C        D        E       F      G
               +--------+--------+--------+--------+--------+-----+--------+
         Total |   3279 |   3248 |     31 |    340 |   2467 |   4 |  819.8 |
       Dungeon |   3279 |   3248 |     31 |    340 |   2467 |   4 |  819.8 |
               +--------+--------+--------+--------+--------+-----+--------+

Top non-repeatable levels by time:
     D:3: 1618 daAuts
     D:1: 1342 daAuts
     D:4: 182 daAuts
     D:2: 136 daAuts
